 Dungeon Crawl Stone Soup version 0.29.1-15-g9cfb28693d (webtiles) character file.

Game seed: 10454418542278622832

29 redmage the Digger (level 3, -2/26 HPs)
             Began as a Meteoran Earth Elementalist on Sept 14, 2023.
             Slain by a gnoll
             ... wielding a +0 whip
              (5 damage)
             ... on level 4 of the Dungeon.
             The game lasted 00:02:27 (235 turns).

redmage the Digger (Meteoran Earth Elementalist)     Turns: 235, Time: 00:02:27

Health: -2/26      AC:  2    Str: 10    XL:     3   Next: 52%
Magic:  6/8        EV: 12    Int: 18    God:
Gold:   38         SH:  0    Dex: 14    Spells: 2/8 levels left

rFire   . . .      SeeInvis .   d - +0 long sword (elec)
rCold   . . .      Faith    .   (no shield)
rNeg    . . .      Spirit   .   a - +0 robe
rPois   .          Reflect  .   (no helmet)
rElec   .          Harm     .   (no cloak)
rCorr   .          Rampage  .   (no gloves)
Will    .....                   (no boots)
Stlth   +.........              (no amulet)
HPRegen 0.08/turn               (no ring)
MPRegen 0.11/turn               (no ring)

@: glowing
A: sense surroundings 1, otherworldly, glowing, explore regen
a: no special abilities


You were on level 4 of the Dungeon.
You visited 1 branch of the dungeon, and saw 4 of its levels.

You collected 38 gold pieces.

Inventory:

Hand Weapons
 d - a +0 long sword of electrocution (weapon)
Armour
 a - a +0 robe (worn)
Scrolls
 c - 2 scrolls of poison {unknown}
 e - 3 scrolls of enchant armour {unknown}
 f - a scroll of immolation {unknown}
Potions
 b - a potion of magic
 g - a potion of cancellation {unknown}


   Skills:
 - Level 2.7 Dodging
 - Level 1.6 Stealth
 + Level 3.3 Spellcasting
 - Level 1.7 Transmutations
 + Level 4.1 Earth Magic


You had 2 spell levels left.
You knew the following spells:

 Your Spells              Type           Power      Damage    Failure   Level
a - Sandblast             Erth           34%        2d9       3%          1
b - Passwall              Tmut/Erth      10%        N/A       7%          2
c - Stone Arrow           Conj/Erth      20%        3d8       21%         3

Your spell library contained the following spells:

 Spells                   Type           Power      Damage    Failure   Level
 Petrify                  Tmut/Erth      13%        N/A       43%         4


Dungeon Overview and Level Annotations

Branches:
Dungeon (4/15) Zot: 2143
 Temple: D:4-7

Altars:
Gozag


Innate Abilities, Weirdness & Mutations

You passively map a small area around you.
You are easily found by Zot.
You glow in the dark.
You regain HP and MP as you explore.


Message History

Aim: a gnoll, wielding a +0 whip (severely wounded, 84% to hit)
The blast of sand hits the gnoll.
The gnoll is almost dead.
The orc shouts!
You hear a shout!
The gnoll hits you with a +0 whip.
An orc priest comes into view. It is wielding a +0 dagger.
The gnoll hits you with a +0 whip!
You hear a shout! x4
Found a metallic orange potion.
The orc attacks as you move away! The orc closely misses you.
Found 4 poisoned darts.
Your magical contamination has completely faded away.
The orc attacks as you move away! The orc hits you with a +0 hand axe.
Casting: Sandblast (safe; 3% risk of failure)
Confirm with . or Enter, or press ? or * to list all spells.
Okay, then.
The orc attacks as you move away! The orc hits you with a +0 hand axe.
* * * LOW HITPOINT WARNING * * *
The orc attacks as you move away! The orc hits you but does no damage.
The orc attacks as you move away! The orc hits you with a +0 hand axe.
Casting: Sandblast (safe; 3% risk of failure)
Confirm with . or Enter, or press ? or * to list all spells.
Aiming: Sandblast (safe; 3% risk of failure)
Press: ? - help, Shift-Dir - straight line, f/p - gnoll
Aim: a gnoll, wielding a +0 whip (almost dead, 84% to hit)
The blast of sand hits the orc.
The orc is severely wounded.
The orc hits you with a +0 hand axe.
* * * LOW HITPOINT WARNING * * *
The orc hits you with a +0 hand axe.
* * * LOW HITPOINT WARNING * * *
Casting: Sandblast (safe; 3% risk of failure)
Confirm with . or Enter, or press ? or * to list all spells.
Aiming: Sandblast (safe; 3% risk of failure)
Press: ? - help, Shift-Dir - straight line, f/p - gnoll
Aim: a gnoll, wielding a +0 whip (almost dead, 84% to hit)
The blast of sand hits the orc.
You kill the orc!
The gnoll hits you with a +0 whip.
You die...

..............#
,,...#...#(###.#,
, * ##.###.#.# ,
* , # * #.#.# * ,
###.#.###, *
#.......# , *
#o#.#.#.#, , * *
#g#.#.# , #@#.#
#, * * * * #.#.#
,, #.#.#, *#...#
* ..... ,* * **
*#.## * * #.# #.#
* ,


You could see an orc wizard and a gnoll.

Vanquished Creatures
  A gnoll (D:3)
  An orc (D:4)
  An endoplasm (D:1)
  A giant cockroach (D:1)
  A goblin (D:1)
  A hobgoblin (D:3)
  4 ball pythons
  4 bats
  3 frilled lizards (D:1)
  6 kobolds
  A rat (D:1)
24 creatures vanquished.

Notes
Turn   | Place    | Note
-------+----------+-------------------------------------------
     0 | D:1      | redmage the Meteoran Earth Elementalist began the quest for
                  | the Orb.
     0 | D:1      | Reached XP level 1. HP: 14/14 MP: 5/5
    42 | D:1      | Reached XP level 2. HP: 20/20 MP: 0/6
   153 | D:3      | Learned a level 2 spell: Passwall
   156 | D:3      | Found an opulent altar of Gozag.
   185 | D:3      | Reached XP level 3. HP: 16/26 MP: 5/8
   191 | D:3      | Learned a level 3 spell: Stone Arrow
   214 | D:3      | Reached skill level 4 in Earth Magic
   235 | D:4      | Slain by a gnoll

Illustrated notes

Levels and vault maps discovered:
D:1:      lordsloth_arrival_two_stooges, layout_basic, basic_ecumenical_altar,
          minmay_split_cup_large
D:2:      layout_loops_corners, serial_glass, glass_columns_a, glass_columns_a,
          due_unseen_surprise, uniq_natasha, uniq_robin, uniq_jessica
D:3:      layout_loops_corners, lemuel_tele_altar, amcnicky_altar_gilded,
          mainiacjoe_overflow_boulevard, fountainhead
D:4:      layout_basic, eino_small_chamber_without_monster

Skill      XL: |  1  2  3 |
---------------+----------+-----
Spellcasting   | 3 |  3.3
Earth Magic    | 4 |  4.1
Dodging        | |  2.7
Stealth        | |  1.6
Transmutations | |  1.7

Action                   || total
-------------------------++-------
Melee: Long sword        ||    19
 Cast: Sandblast         ||    26
       Passwall          ||     1
Armor: Robe              ||    13
Dodge: Dodged            ||    27
